[ AOE2 MATCH · #506471517 ]
UnrankedBulgarians vs Aztecs
Rival team · LOSS
[ REPLAY ANALYSIS · EXTRACTED FROM THE RECORDED GAME ]
Feudal
8:53
Castle
22:32
Imperial
37:25
| APM avg | 80.6 |
| APM peak | 116 |
| eAPM avg | 35.2 |
| Villagers / military | 154 / 93 |
Focus
⚔️ 56.1% · 🌾 43.9%
Skirmisher ×66 · Militia ×19 · Monk ×3 · Knight ×2 · Scout Cavalry ×2 · Archer ×1
Feudal
9:15
Castle
23:20
Imperial
—
| APM avg | 69.1 |
| APM peak | 113 |
| eAPM avg | 26.8 |
| Villagers / military | 115 / 70 |
Focus
⚔️ 34.5% · 🌾 65.5%
Skirmisher ×45 · Monk ×10 · Jaguar Warrior ×9 · Eagle Scout ×4 · Archer ×2
Match map
Initial resources + every placement click. Lines = walls · curves = elevation contours. ◆ gold · ⬟ stone · ● berries · ✦ relic · ◌ wall gap
Your base· ✓ Closed at 22:32 · 21t walls · 1 gate(s)
CNZS_CC's base· ✓ Closed at 23:20 · 56t walls · 1 gate(s)
Smoothed initial terrain · ◌ = detected wall gap · hover for details
Inputs per minute
— DS_VarVa - - CNZS_CC
Build order — DS_VarVa
First 150 of 407 actions detected
| 0:00 | Create | Villager (Male) |
| 0:01 | Create | Villager (Male) |
| 0:01 | Create | Villager (Male) |
| 0:01 | Create | Villager (Male) |
| 0:02 | Build | House |
| 0:03 | Build | House |
| 0:07 | Build | House |
| 1:19 | Create | Villager (Male) |
| 1:19 | Create | Villager (Male) |
| 1:57 | Build | Lumber Camp |
| 2:02 | Create | Villager (Male) |
| 2:02 | Create | Villager (Male) |
| 2:22 | Create | Villager (Male) |
| 2:23 | Create | Villager (Male) |
| 2:37 | Build | House |
| 2:55 | Create | Villager (Male) |
| 2:56 | Create | Villager (Male) |
| 3:43 | Create | Villager (Male) |
| 3:43 | Create | Villager (Male) |
| 3:51 | Create | Villager (Male) |
| 3:51 | Create | Villager (Male) |
| 3:51 | Create | Villager (Male) |
| 4:21 | Create | Villager (Male) |
| 4:42 | Create | Villager (Male) |
| 4:43 | Create | Villager (Male) |
| 4:48 | Create | Villager (Male) |
| 4:48 | Create | Villager (Male) |
| 5:03 | Create | Villager (Male) |
| 5:21 | Research | Loom |
| 5:37 | Build | Barracks |
| 6:11 | Build | House |
| 6:29 | Build | House |
| 6:39 | Research | Feudal Age |
| 6:39 | Research | Feudal Age |
| 6:43 | Create | Militia |
| 6:57 | Create | Militia |
| 7:07 | Create | Militia |
| 7:08 | Create | Militia |
| 7:10 | Build | House |
| 8:22 | Create | Villager (Male) |
| 8:50 | Create | Villager (Male) |
| 8:52 | Build | Mill |
| 8:53 | Age | Feudal Age |
| 8:57 | Build | Archery Range |
| 9:01 | Research | Double-Bit Axe |
| 9:01 | Research | Double-Bit Axe |
| 9:02 | Research | Double-Bit Axe |
| 9:02 | Create | Villager (Male) |
| 9:02 | Create | Villager (Male) |
| 9:39 | Create | Skirmisher |
| 9:40 | Build | House |
| 9:47 | Create | Villager (Male) |
| 9:58 | Create | Skirmisher |
| 10:10 | Create | Skirmisher |
| 10:13 | Build | Watch Tower |
| 10:19 | Build | Farm |
| 10:19 | Create | Villager (Male) |
| 10:20 | Create | Villager (Male) |
| 10:34 | Create | Skirmisher |
| 10:48 | Create | Skirmisher |
| 11:04 | Create | Villager (Male) |
| 11:15 | Create | Villager (Male) |
| 11:17 | Build | Farm |
| 11:20 | Build | Stone Wall |
| 11:29 | Build | Stone Wall |
| 11:30 | Build | Stone Wall |
| 11:34 | Create | Skirmisher |
| 11:37 | Build | Blacksmith |
| 11:49 | Create | Skirmisher |
| 11:58 | Build | Farm |
| 12:00 | Create | Villager (Male) |
| 12:03 | Build | House |
| 12:04 | Build | House |
| 12:17 | Build | House |
| 12:18 | Build | House |
| 12:27 | Research | Fletching |
| 12:27 | Research | Fletching |
| 12:29 | Build | House |
| 12:30 | Build | House |
| 12:33 | Create | Villager (Male) |
| 12:38 | Create | Skirmisher |
| 12:46 | Build | Farm |
| 12:51 | Create | Skirmisher |
| 13:11 | Create | Villager (Male) |
| 13:16 | Build | Farm |
| 13:21 | Build | Palisade Wall |
| 13:31 | Create | Skirmisher |
| 13:42 | Create | Skirmisher |
| 13:46 | Create | Villager (Male) |
| 13:53 | Build | Farm |
| 13:54 | Build | Farm |
| 14:06 | Research | Padded Archer Armor |
| 14:06 | Research | Padded Archer Armor |
| 14:09 | Research | Scale Mail Armor |
| 14:09 | Research | Scale Mail Armor |
| 14:10 | Create | Villager (Male) |
| 14:12 | Build | Mining Camp |
| 14:37 | Create | Villager (Male) |
| 14:38 | Create | Skirmisher |
| 14:56 | Create | Skirmisher |
| 14:56 | Create | Skirmisher |
| 14:56 | Create | Villager (Male) |
| 15:10 | Build | Farm |
| 15:11 | Build | Farm |
| 15:11 | Create | Villager (Male) |
| 15:12 | Create | Villager (Male) |
| 15:14 | Build | House |
| 15:25 | Create | Villager (Male) |
| 15:38 | Create | Villager (Male) |
| 15:54 | Create | Villager (Male) |
| 16:02 | Create | Villager (Male) |
| 16:18 | Create | Villager (Male) |
| 16:29 | Build | House |
| 16:30 | Create | Villager (Male) |
| 16:31 | Build | Farm |
| 16:32 | Build | Farm |
| 16:33 | Build | Farm |
| 16:33 | Build | Farm |
| 16:36 | Create | Villager (Male) |
| 16:36 | Create | Villager (Male) |
| 16:52 | Create | Villager (Male) |
| 17:03 | Create | Skirmisher |
| 17:12 | Create | Skirmisher |
| 17:16 | Create | Villager (Male) |
| 17:19 | Build | House |
| 17:20 | Build | House |
| 17:20 | Build | Palisade Wall |
| 17:24 | Create | Skirmisher |
| 17:37 | Create | Villager (Male) |
| 17:44 | Create | Villager (Male) |
| 17:44 | Create | Villager (Male) |
| 17:46 | Build | Stable |
| 17:52 | Create | Villager (Male) |
| 17:59 | Create | Villager (Male) |
| 18:03 | Build | House |
| 18:04 | Build | House |
| 18:07 | Build | Lumber Camp |
| 18:13 | Create | Villager (Male) |
| 18:20 | Build | Palisade Gate |
| 18:22 | Build | Palisade Wall |
| 18:40 | Create | Scout Cavalry |
| 18:48 | Create | Villager (Male) |
| 18:49 | Build | Market |
| 19:16 | Build | Farm |
| 19:17 | Build | Farm |
| 19:19 | Create | Villager (Male) |
| 19:52 | Research | Castle Age |
| 19:53 | Research | Castle Age |
| 20:13 | Build | Farm |
| 20:13 | Build | Farm |
Build order — CNZS_CC
First 150 of 338 actions detected
| 0:00 | Create | Villager (Male) |
| 0:00 | Create | Villager (Male) |
| 0:01 | Create | Villager (Male) |
| 0:02 | Build | House |
| 0:02 | Build | House |
| 0:07 | Create | Villager (Male) |
| 1:33 | Create | Villager (Male) |
| 1:34 | Create | Villager (Male) |
| 2:01 | Create | Villager (Male) |
| 2:04 | Create | Villager (Male) |
| 2:05 | Create | Villager (Male) |
| 2:41 | Create | Villager (Male) |
| 2:42 | Create | Villager (Male) |
| 2:59 | Build | Lumber Camp |
| 3:35 | Create | Villager (Male) |
| 3:40 | Build | House |
| 3:48 | Create | Villager (Male) |
| 4:32 | Create | Villager (Male) |
| 4:49 | Create | Villager (Male) |
| 5:05 | Create | Villager (Male) |
| 5:42 | Create | Villager (Male) |
| 5:43 | Build | Mill |
| 6:13 | Create | Villager (Male) |
| 6:24 | Research | Loom |
| 6:24 | Research | Loom |
| 6:59 | Research | Feudal Age |
| 6:59 | Research | Feudal Age |
| 7:22 | Build | Barracks |
| 7:24 | Build | House |
| 7:39 | Build | Palisade Wall |
| 7:40 | Build | Palisade Wall |
| 8:13 | Create | Villager (Male) |
| 8:16 | Build | Palisade Wall |
| 8:53 | Build | Mining Camp |
| 9:00 | Build | Palisade Wall |
| 9:15 | Age | Feudal Age |
| 9:17 | Create | Villager (Male) |
| 9:22 | Build | Archery Range |
| 9:29 | Build | Palisade Wall |
| 9:39 | Build | House |
| 9:45 | Create | Villager (Male) |
| 9:50 | Build | Palisade Wall |
| 9:52 | Build | Palisade Wall |
| 9:56 | Build | Palisade Wall |
| 9:59 | Create | Villager (Male) |
| 10:04 | Create | Archer |
| 10:19 | Research | Double-Bit Axe |
| 10:32 | Create | Archer |
| 10:32 | Create | Villager (Male) |
| 11:00 | Create | Villager (Male) |
| 11:02 | Build | House |
| 11:14 | Create | Skirmisher |
| 11:20 | Build | Farm |
| 11:22 | Build | Farm |
| 11:23 | Build | Farm |
| 11:38 | Create | Skirmisher |
| 11:43 | Create | Villager (Male) |
| 11:56 | Build | Outpost |
| 11:59 | Create | Skirmisher |
| 12:00 | Create | Villager (Male) |
| 12:16 | Create | Skirmisher |
| 12:18 | Build | House |
| 12:22 | Build | Farm |
| 12:26 | Create | Skirmisher |
| 12:27 | Create | Villager (Male) |
| 12:48 | Create | Skirmisher |
| 12:51 | Create | Villager (Male) |
| 12:58 | Build | Blacksmith |
| 13:12 | Create | Skirmisher |
| 13:20 | Create | Skirmisher |
| 13:21 | Create | Villager (Male) |
| 13:22 | Build | Farm |
| 13:38 | Build | House |
| 13:41 | Create | Skirmisher |
| 13:42 | Research | Fletching |
| 13:42 | Research | Fletching |
| 13:51 | Create | Villager (Male) |
| 14:01 | Build | House |
| 14:06 | Create | Skirmisher |
| 14:12 | Build | Farm |
| 14:12 | Build | Farm |
| 14:16 | Build | Palisade Wall |
| 14:31 | Create | Skirmisher |
| 14:32 | Create | Villager (Male) |
| 14:58 | Build | Watch Tower |
| 15:00 | Create | Skirmisher |
| 15:02 | Build | Palisade Wall |
| 15:11 | Build | House |
| 15:15 | Create | Skirmisher |
| 15:18 | Create | Villager (Male) |
| 15:51 | Create | Villager (Male) |
| 15:54 | Build | Palisade Wall |
| 16:06 | Build | Farm |
| 16:22 | Create | Skirmisher |
| 16:26 | Create | Villager (Male) |
| 16:27 | Build | Farm |
| 16:31 | Build | Farm |
| 16:33 | Build | Farm |
| 16:34 | Build | Farm |
| 16:38 | Create | Skirmisher |
| 16:40 | Create | Villager (Male) |
| 16:51 | Create | Villager (Male) |
| 16:52 | Build | House |
| 16:57 | Create | Skirmisher |
| 17:18 | Create | Skirmisher |
| 17:25 | Create | Villager (Male) |
| 17:27 | Build | Mining Camp |
| 17:30 | Build | Farm |
| 17:31 | Build | Farm |
| 17:32 | Build | Farm |
| 17:39 | Build | Farm |
| 17:42 | Build | Farm |
| 17:52 | Create | Villager (Male) |
| 18:02 | Build | Market |
| 18:08 | Build | House |
| 18:10 | Build | House |
| 18:19 | Create | Villager (Male) |
| 18:21 | Build | House |
| 18:29 | Build | House |
| 18:30 | Build | Palisade Wall |
| 18:45 | Build | Palisade Wall |
| 18:58 | Create | Villager (Male) |
| 19:04 | Build | Watch Tower |
| 19:15 | Create | Villager (Male) |
| 19:27 | Build | Farm |
| 19:29 | Build | Farm |
| 19:47 | Create | Villager (Male) |
| 19:57 | Build | Farm |
| 20:14 | Build | Farm |
| 20:40 | Research | Castle Age |
| 20:41 | Research | Castle Age |
| 20:51 | Create | Eagle Scout |
| 20:53 | Create | Skirmisher |
| 20:54 | Create | Skirmisher |
| 21:04 | Build | House |
| 21:06 | Build | House |
| 21:15 | Create | Skirmisher |
| 21:17 | Build | House |
| 21:21 | Create | Skirmisher |
| 21:23 | Create | Eagle Scout |
| 21:37 | Create | Skirmisher |
| 21:53 | Build | Gate |
| 21:59 | Research | Padded Archer Armor |
| 22:00 | Create | Skirmisher |
| 22:00 | Create | Skirmisher |
| 22:11 | Build | Market |
| 22:15 | Create | Skirmisher |
| 22:19 | Build | House |
| 22:20 | Build | House |
| 22:22 | Build | Stone Wall |
Match timeline
| 5:37 | DS_VarVa · first_building Barracks |
| 7:22 | CNZS_CC · first_building Barracks |
| 7:39 | CNZS_CC · wall_segment Palisade Wall x9 |
| 7:40 | CNZS_CC · wall_segment Palisade Wall x1 |
| 8:16 | CNZS_CC · wall_segment Palisade Wall x9 |
| 8:53 | DS_VarVa · age_up feudal |
| 8:57 | DS_VarVa · first_building Archery Range |
| 9:00 | CNZS_CC · wall_segment Palisade Wall x1 |
| 9:15 | CNZS_CC · age_up feudal |
| 9:22 | CNZS_CC · first_building Archery Range |
| 9:29 | CNZS_CC · wall_segment Palisade Wall x1 |
| 9:50 | CNZS_CC · wall_segment Palisade Wall x1 |
| 9:52 | CNZS_CC · wall_segment Palisade Wall x1 |
| 9:56 | CNZS_CC · wall_segment Palisade Wall x1 |
| 11:20 | DS_VarVa · wall_segment Stone Wall x3 |
| 11:29 | DS_VarVa · wall_segment Stone Wall x1 |
| 11:30 | DS_VarVa · wall_segment Stone Wall x1 |
| 13:21 | DS_VarVa · wall_segment Palisade Wall x11 |
| 14:16 | CNZS_CC · wall_segment Palisade Wall x13 |
| 15:02 | CNZS_CC · wall_segment Palisade Wall x1 |
| 15:54 | CNZS_CC · wall_segment Palisade Wall x10 |
| 17:20 | DS_VarVa · wall_segment Palisade Wall x1 |
| 17:46 | DS_VarVa · first_building Stable |
| 18:22 | DS_VarVa · wall_segment Palisade Wall x4 |
| 18:30 | CNZS_CC · wall_segment Palisade Wall x1 |
| 18:45 | CNZS_CC · wall_segment Palisade Wall x4 |
| 18:58 | CNZS_CC · first_market_buy 100 stone |
| 19:34 | DS_VarVa · first_market_buy 100 food |
| 20:18 | CNZS_CC · first_market_sell 100 stone |
| 22:22 | CNZS_CC · wall_segment Stone Wall x1 |
| 22:32 | DS_VarVa · age_up castle |
| 22:33 | CNZS_CC · wall_segment Palisade Wall x1 |
| 23:02 | CNZS_CC · wall_segment Palisade Wall x1 |
| 23:20 | CNZS_CC · age_up castle |
| 24:40 | CNZS_CC · first_building Monastery |
| 26:57 | CNZS_CC · wall_segment Palisade Wall x3 |
| 28:52 | DS_VarVa · first_building Monastery |
| 30:14 | CNZS_CC · first_building Castle |
| 30:23 | DS_VarVa · first_building Krepost |
| 33:00 | DS_VarVa · first_market_sell 100 wood |
| 35:00 | DS_VarVa · first_building Siege Workshop |
| 36:55 | DS_VarVa · first_building Castle |
| 37:25 | DS_VarVa · age_up imperial |
| 38:02 | CNZS_CC · resign |
[ AI ANALYSIS · 1 CREDIT ]
What really happened in this match?
Wolo.gg analyzes every decision: build order, eco, micro, common mistakes by bracket. Personalized analysis on WhatsApp or Discord in 30 seconds.
Civ guide
Bulgarians
Perfil
Jugador #4129359